 Dungeon Crawl Stone Soup version 0.24-a0-115-gd155597 (console) character file.

Game seed: 2218954055236393533

123 Duffy the Chopper (level 5, -7/45 HPs)
             Began as a Naga Gladiator on Feb 17, 2019.
             Mangled by an ogre
             ... wielding a +0 giant club
              (18 damage)
             ... on level 3 of the Dungeon.
             The game lasted 00:01:54 (2424 turns).

Duffy the Chopper (Naga Gladiator)                  Turns: 2424, Time: 00:01:55

Health: -7/45      AC: 13    Str: 16    XL:     5   Next: 7%
Magic:  5/5        EV:  3    Int: 10    God:
Gold:   89         SH:  0    Dex: 12    Spells: 4/4 levels left

rFire    . . .     SeeInvis +   b - +2 dagger (venom)
rCold    . . .     Gourm    .   (no shield)
rNeg     . . .     Faith    .   e - +0 plate armour
rPois    +         Spirit   .   c - +0 helmet
rElec    .         Reflect  .   (no cloak)
rCorr    .         Harm     .   (no gloves)
MR       .....                  (no barding)
Stlth    ..........             (no amulet)
HPRegen  0.15/turn              k - +5 ring of protection
MPRegen  0.09/turn              (no ring)

@: short of breath, very slow
A: large, see invisible, deformed body, poison resistance, slowness 2, slow
metabolism 1, spit poison 1, AC +1
a: Spit Poison


You were on level 3 of the Dungeon.
You were not hungry.

You visited 1 branch of the dungeon, and saw 3 of its levels.

You collected 89 gold pieces.

Inventory:

Hand Weapons
 a - a +0 war axe
 b - a +2 dagger of venom (weapon)
Missiles
 d - 3 throwing nets (quivered)
Armour
 c - a +0 helmet (worn)
 e - a +0 plate armour (worn)
Jewellery
 k - a +5 ring of protection (left hand)
Scrolls
 g - a scroll of amnesia {unknown}
 h - 2 scrolls of remove curse {unknown}
 j - a scroll of identify {unknown}
 l - 2 scrolls of fear {unknown}
Potions
 i - a potion of ambrosia {unknown}
 n - a potion of lignification {unknown}
Comestibles
 f - 7 rations
 m - a chunk of flesh


   Skills:
 + Level 2.1 Fighting
 - Level 4.8 Axes
 - Level 1.7 Throwing
 + Level 2.0 Armour
 - Level 2.4 Dodging


You had 4 spell levels left.
You didn't know any spells.
Your spell library was empty.

Dungeon Overview and Level Annotations

Branches:
Dungeon (3/15)

Altars:


Innate Abilities, Weirdness & Mutations

You cannot wear boots.
Your serpentine skin is tough. (AC +1)
You have supernaturally acute eyesight. (SInv)
Armour fits poorly on your strangely shaped body.
Your system is resistant to poisons. (rPois)
You cover ground very slowly.
You have a slow metabolism.
You can spit poison.


Message History

You hit the ogre.
The ogre is poisoned.
The ogre is moderately wounded.
The ogre completely misses you.
You hit the ogre.
The ogre looks as sick as possible!
The ogre is heavily wounded.
The ogre hits you with a +0 giant club!
Your plate armour prevents you from hitting the ogre.
The ogre is heavily wounded.
You hit the ogre.
The ogre is severely wounded.
The ogre hits you with a +0 giant club!
You have got your breath back.
The ogre hits you with a +0 giant club!
Press: ? - help, Shift-Dir - straight line, f/p - ogre
Aim: an ogre, wielding a +0 giant club (severely wounded, poisoned)
The splash of poison hits the ogre.
The ogre looks as sick as possible!
The ogre is severely wounded.
You feel slightly more hungry.
The ogre hits you with a +0 giant club!!
You die...

#..# ##.## .#.
#..##.....
#.........
#l###....) #S#
#.###. #S##..#
###O#..# #.
##.@...# #.
#.....## #.
#.#...#
#.###.#...#
#.#.).#.....#
##.#.###...###
#..#.# #...#
#..<.# #####
#..###


You could see an ogre, 2 adders and a leopard gecko.

Vanquished Creatures
  Jessica (D:2)
  Robin (D:2)
  3 adders (D:2)
  3 dart slugs (D:2)
  2 leopard geckos
  5 bats
  6 giant cockroaches
  8 hobgoblins
  6 kobolds
  A frilled lizard (D:1)
  11 goblins
  2 rats
49 creatures vanquished.

Notes
Turn   | Place    | Note
-------+----------+-------------------------------------------
     0 | D:1      | Duffy the Naga Gladiator began the quest for the Orb.
     0 | D:1      | Reached XP level 1. HP: 19/19 MP: 1/1
   314 | D:1      | Reached XP level 2. HP: 26/26 MP: 2/2
   843 | D:2      | Reached skill level 4 in Axes
   918 | D:2      | Reached XP level 3. HP: 31/32 MP: 3/3
  1663 | D:2      | Noticed Jessica
  1671 | D:2      | Killed Jessica
  1671 | D:2      | Reached skill level 1 in Armour
  1671 | D:2      | Reached XP level 4. HP: 37/39 MP: 4/4
  1885 | D:2      | Noticed Robin
  1909 | D:2      | Killed Robin
  2006 | D:2      | Reached XP level 5. HP: 40/45 MP: 5/5
  2409 | D:3      | Noticed an ogre
  2424 | D:3      | Mangled by an ogre

Levels and vault maps discovered:
D:1:      minmay_arrival_stair_chambers, layout_basic
D:2:      layout_basic, uniq_robin, uniq_jessica
D:3:      layout_rooms, overflow_temple_1_default, uniq_sigmund

Skill      XL: |  1  2  3  4  5 |
---------------+----------------+-----
Axes           | 4 |  4.8
Armour         | 1 2 |  2.0
Fighting       | |  2.1
Throwing       | |  1.7
Dodging        | |  2.4

Action                   |  1- 3 |  4- 6 || total
-------------------------+-------+-------++-------
Melee: War axe           |    99 |    48 ||   147
       Dagger            |       |    35 ||    35
 Abil: Spit Poison       |     2 |     8 ||    10
  Eat: Chunk             |     1 |     3 ||     4
Armor: Leather armour    |    14 |       ||    14
       Plate armour      |    59 |    86 ||   145
Dodge: Dodged            |    38 |    14 ||    52

Table legend:
 A = Non-vault XP
 B = Vault XP
 C = Vault XP percentage of total XP
 D = Non-vault monster count
 E = Vault monster count
 F = Vault count percentage of total count
                 A         B        C        D         E       F
            +---------+---------+-------+---------+---------+-------
      Total |     105 |      72 |  40.7 |      36 |      13 |  26.5
            +---------+---------+-------+---------+---------+-------
        D:1 |      28 |       0 |   0.0 |      15 |       0 |   0.0
        D:2 |      75 |      72 |  49.0 |      19 |      13 |  40.6
        D:3 |       2 |       0 |   0.0 |       2 |       0 |   0.0
            +---------+---------+-------+---------+---------+-------
